Workbook

Sheet Agenda de citas
A1: ID cita | B1: Fecha | C1: Hora inicio | D1: Hora fin | E1: Duración (min) | F1: Estado | G1: Tipo de cita | H1: Cliente | I1: NIF | J1: Teléfono | K1: Email | L1: Interés | M1: Operación | N1: Inmueble / referencia | O1: Dirección del inmueble | P1: Municipio | Q1: Agente responsable | R1: Origen del contacto | S1: Presupuesto (€) | T1: Próxima acción | U1: Fecha próxima acción | V1: Observaciones | W1: Días hasta la cita | X1: Alerta
A2: CIT-2026-001 | B2: 46275 | C2: 0.41666667 | D2: 0.44791667 | E2: =IF(OR(C2="",D2=""),"",IFERROR((D2-C2)*1440,"")) | F2: Programada | G2: Visita | H2: María García | I2: 12345678Z | J2: 612345678 | K2: maria.garcia@email.es | L2: Compra | M2: Vivienda habitual | N2: REF-MAD-001 | O2: Calle Mayor 12 3ºB | P2: Madrid | Q2: Lucía Herrera | R2: Portal inmobiliario | S2: 385000 | T2: Confirmar asistencia | U2: 46273 | V2: Interesada en vivienda de tres dormitorios. | W2: =IF(B2="","",B2-TODAY()) | X2: =IF(F2="","",IF(F2="Cancelada","CANCELADA",IF(W2="","",IF(W2<0,"VENCIDA",IF(W2<=1,"REVISAR","OK")))))
A3: CIT-2026-002 | B3: 46277 | C3: 0.47916667 | D3: 0.52083333 | E3: =IF(OR(C3="",D3=""),"",IFERROR((D3-C3)*1440,"")) | F3: Confirmada | G3: Valoración | H3: Antonio López | I3: 23456789X | J3: 623456789 | K3: antonio.lopez@email.es | L3: Venta | M3: Vivienda habitual | N3: REF-BCN-002 | O3: Av. Diagonal 405 | P3: Barcelona | Q3: Javier Moreno | R3: Web | S3: 620000 | T3: Solicitar nota simple | U3: 46275 | V3: Valoración previa de piso con terraza. | W3: =IF(B3="","",B3-TODAY()) | X3: =IF(F3="","",IF(F3="Cancelada","CANCELADA",IF(W3="","",IF(W3<0,"VENCIDA",IF(W3<=1,"REVISAR","OK")))))
A4: CIT-2026-003 | B4: 46280 | C4: 0.70833333 | D4: 0.73958333 | E4: =IF(OR(C4="",D4=""),"",IFERROR((D4-C4)*1440,"")) | F4: Confirmada | G4: Visita | H4: Carmen Ruiz | I4: 34567890V | J4: 634567890 | K4: carmen.ruiz@email.es | L4: Alquiler | M4: Vivienda habitual | N4: REF-SEV-003 | O4: Calle Sierpes 8 | P4: Sevilla | Q4: Sofía Vega | R4: Recomendación | S4: 1250 | T4: Enviar documentación de alquiler | U4: 46278 | V4: Busca alquiler de larga duración en el centro. | W4: =IF(B4="","",B4-TODAY()) | X4: =IF(F4="","",IF(F4="Cancelada","CANCELADA",IF(W4="","",IF(W4<0,"VENCIDA",IF(W4<=1,"REVISAR","OK")))))
A5: CIT-2026-004 | B5: 46282 | C5: 0.39583333 | D5: 0.42708333 | E5: =IF(OR(C5="",D5=""),"",IFERROR((D5-C5)*1440,"")) | F5: Realizada | G5: Reunión comprador | H5: José Martínez | I5: 45678901G | J5: 645678901 | K5: jose.martinez@email.es | L5: Compra | M5: Inversión | N5: REF-VAL-004 | O5: Calle Colón 22 | P5: Valencia | Q5: Diego Ramos | R5: Oficina | S5: 290000 | T5: Preparar selección de inmuebles | U5: 46284 | V5: Inversor interesado en rentabilidad por alquiler. | W5: =IF(B5="","",B5-TODAY()) | X5: =IF(F5="","",IF(F5="Cancelada","CANCELADA",IF(W5="","",IF(W5<0,"VENCIDA",IF(W5<=1,"REVISAR","OK")))))
A6: CIT-2026-005 | B6: 46284 | C6: 0.66666667 | D6: 0.6875 | E6: =IF(OR(C6="",D6=""),"",IFERROR((D6-C6)*1440,"")) | F6: Cancelada | G6: Videollamada | H6: Laura Fernández | I6: 56789012M | J6: 656789012 | K6: laura.fernandez@email.es | L6: Alquiler con opción a compra | M6: Obra nueva | N6: REF-MAL-005 | O6: Calle Larios 15 | P6: Málaga | Q6: Lucía Herrera | R6: Redes sociales | S6: 245000 | T6: Recontactar en octubre | U6: 46297 | V6: Cliente cancela por cambio de disponibilidad. | W6: =IF(B6="","",B6-TODAY()) | X6: =IF(F6="","",IF(F6="Cancelada","CANCELADA",IF(W6="","",IF(W6<0,"VENCIDA",IF(W6<=1,"REVISAR","OK")))))
A7: CIT-2026-006 | B7: 46286 | C7: 0.5 | D7: 0.53125 | E7: =IF(OR(C7="",D7=""),"",IFERROR((D7-C7)*1440,"")) | F7: Programada | G7: Visita | H7: Manuel Sánchez | I7: 67890123P | J7: 667890123 | K7: manuel.sanchez@email.es | L7: Compra | M7: Vivienda habitual | N7: REF-MAD-006 | O7: Calle Alcalá 180 | P7: Madrid | Q7: Javier Moreno | R7: Portal inmobiliario | S7: 475000 | T7: Confirmar financiación | U7: 46283 | V7: Pareja con preaprobación hipotecaria. | W7: =IF(B7="","",B7-TODAY()) | X7: =IF(F7="","",IF(F7="Cancelada","CANCELADA",IF(W7="","",IF(W7<0,"VENCIDA",IF(W7<=1,"REVISAR","OK")))))
A8: CIT-2026-007 | B8: 46289 | C8: 0.4375 | D8: 0.46875 | E8: =IF(OR(C8="",D8=""),"",IFERROR((D8-C8)*1440,"")) | F8: Confirmada | G8: Firma | H8: Ana Torres | I8: 78901234S | J8: 678901234 | K8: ana.torres@email.es | L8: Venta | M8: Vivienda habitual | N8: REF-BCN-007 | O8: Carrer de Mallorca 214 | P8: Barcelona | Q8: Sofía Vega | R8: Web | S8: 540000 | T8: Revisar documentación de compraventa | U8: 46287 | V8: Firma de encargo de venta. | W8: =IF(B8="","",B8-TODAY()) | X8: =IF(F8="","",IF(F8="Cancelada","CANCELADA",IF(W8="","",IF(W8<0,"VENCIDA",IF(W8<=1,"REVISAR","OK")))))
A9: CIT-2026-008 | B9: 46291 | C9: 0.75 | D9: 0.78125 | E9: =IF(OR(C9="",D9=""),"",IFERROR((D9-C9)*1440,"")) | F9: Realizada | G9: Reunión vendedor | H9: Pablo Navarro | I9: 89012345L | J9: 689012345 | K9: pablo.navarro@email.es | L9: Venta | M9: Local comercial | N9: REF-VAL-008 | O9: Gran Vía Marqués del Turia 42 | P9: Valencia | Q9: Diego Ramos | R9: Recomendación | S9: 315000 | T9: Enviar propuesta de comercialización | U9: 46293 | V9: Propietario de local con licencia vigente. | W9: =IF(B9="","",B9-TODAY()) | X9: =IF(F9="","",IF(F9="Cancelada","CANCELADA",IF(W9="","",IF(W9<0,"VENCIDA",IF(W9<=1,"REVISAR","OK")))))
A10: CIT-2026-009 | B10: 46293 | C10: 0.45833333 | D10: 0.5 | E10: =IF(OR(C10="",D10=""),"",IFERROR((D10-C10)*1440,"")) | F10: Programada | G10: Valoración | H10: Elena Romero | I10: 90123456R | J10: 690123456 | K10: elena.romero@email.es | L10: Venta | M10: Vivienda habitual | N10: REF-SEV-009 | O10: Calle San Fernando 30 | P10: Sevilla | Q10: Lucía Herrera | R10: Oficina | S10: 410000 | T10: Solicitar recibo IBI | U10: 46291 | V10: Necesita estimación para decidir la venta. | W10: =IF(B10="","",B10-TODAY()) | X10: =IF(F10="","",IF(F10="Cancelada","CANCELADA",IF(W10="","",IF(W10<0,"VENCIDA",IF(W10<=1,"REVISAR","OK")))))
A11: CIT-2026-010 | B11: 46295 | C11: 0.6875 | D11: 0.71875 | E11: =IF(OR(C11="",D11=""),"",IFERROR((D11-C11)*1440,"")) | F11: Confirmada | G11: Visita | H11: Sergio Molina | I11: 01234567H | J11: 601234567 | K11: sergio.molina@email.es | L11: Alquiler | M11: Vivienda habitual | N11: REF-MAL-010 | O11: Paseo de Reding 8 | P11: Málaga | Q11: Javier Moreno | R11: Redes sociales | S11: 1650 | T11: Confirmar asistencia | U11: 46294 | V11: Interesado en alquiler próximo al centro. | W11: =IF(B11="","",B11-TODAY()) | X11: =IF(F11="","",IF(F11="Cancelada","CANCELADA",IF(W11="","",IF(W11<0,"VENCIDA",IF(W11<=1,"REVISAR","OK")))))
E12: =IF(OR(C12="",D12=""),"",IFERROR((D12-C12)*1440,"")) | W12: =IF(B12="","",B12-TODAY()) | X12: =IF(F12="","",IF(F12="Cancelada","CANCELADA",IF(W12="","",IF(W12<0,"VENCIDA",IF(W12<=1,"REVISAR","OK")))))
E13: =IF(OR(C13="",D13=""),"",IFERROR((D13-C13)*1440,"")) | W13: =IF(B13="","",B13-TODAY()) | X13: =IF(F13="","",IF(F13="Cancelada","CANCELADA",IF(W13="","",IF(W13<0,"VENCIDA",IF(W13<=1,"REVISAR","OK")))))
E14: =IF(OR(C14="",D14=""),"",IFERROR((D14-C14)*1440,"")) | W14: =IF(B14="","",B14-TODAY()) | X14: =IF(F14="","",IF(F14="Cancelada","CANCELADA",IF(W14="","",IF(W14<0,"VENCIDA",IF(W14<=1,"REVISAR","OK")))))
E15: =IF(OR(C15="",D15=""),"",IFERROR((D15-C15)*1440,"")) | W15: =IF(B15="","",B15-TODAY()) | X15: =IF(F15="","",IF(F15="Cancelada","CANCELADA",IF(W15="","",IF(W15<0,"VENCIDA",IF(W15<=1,"REVISAR","OK")))))
E16: =IF(OR(C16="",D16=""),"",IFERROR((D16-C16)*1440,"")) | W16: =IF(B16="","",B16-TODAY()) | X16: =IF(F16="","",IF(F16="Cancelada","CANCELADA",IF(W16="","",IF(W16<0,"VENCIDA",IF(W16<=1,"REVISAR","OK")))))
E17: =IF(OR(C17="",D17=""),"",IFERROR((D17-C17)*1440,"")) | W17: =IF(B17="","",B17-TODAY()) | X17: =IF(F17="","",IF(F17="Cancelada","CANCELADA",IF(W17="","",IF(W17<0,"VENCIDA",IF(W17<=1,"REVISAR","OK")))))
E18: =IF(OR(C18="",D18=""),"",IFERROR((D18-C18)*1440,"")) | W18: =IF(B18="","",B18-TODAY()) | X18: =IF(F18="","",IF(F18="Cancelada","CANCELADA",IF(W18="","",IF(W18<0,"VENCIDA",IF(W18<=1,"REVISAR","OK")))))
E19: =IF(OR(C19="",D19=""),"",IFERROR((D19-C19)*1440,"")) | W19: =IF(B19="","",B19-TODAY()) | X19: =IF(F19="","",IF(F19="Cancelada","CANCELADA",IF(W19="","",IF(W19<0,"VENCIDA",IF(W19<=1,"REVISAR","OK")))))
E20: =IF(OR(C20="",D20=""),"",IFERROR((D20-C20)*1440,"")) | W20: =IF(B20="","",B20-TODAY()) | X20: =IF(F20="","",IF(F20="Cancelada","CANCELADA",IF(W20="","",IF(W20<0,"VENCIDA",IF(W20<=1,"REVISAR","OK")))))
E21: =IF(OR(C21="",D21=""),"",IFERROR((D21-C21)*1440,"")) | W21: =IF(B21="","",B21-TODAY()) | X21: =IF(F21="","",IF(F21="Cancelada","CANCELADA",IF(W21="","",IF(W21<0,"VENCIDA",IF(W21<=1,"REVISAR","OK")))))
E22: =IF(OR(C22="",D22=""),"",IFERROR((D22-C22)*1440,"")) | W22: =IF(B22="","",B22-TODAY()) | X22: =IF(F22="","",IF(F22="Cancelada","CANCELADA",IF(W22="","",IF(W22<0,"VENCIDA",IF(W22<=1,"REVISAR","OK")))))
E23: =IF(OR(C23="",D23=""),"",IFERROR((D23-C23)*1440,"")) | W23: =IF(B23="","",B23-TODAY()) | X23: =IF(F23="","",IF(F23="Cancelada","CANCELADA",IF(W23="","",IF(W23<0,"VENCIDA",IF(W23<=1,"REVISAR","OK")))))
... E101: =IF(OR(C101="",D101=""),"",IFERROR((D101-C101)*1440,"")) | W101: =IF(B101="","",B101-TODAY()) | X101: =IF(F101="","",IF(F101="Cancelada","CANCELADA",IF(W101="","",IF(W101<0,"VENCIDA",IF(W101<=1,"REVISAR","OK")))))

Sheet Resumen
A1: Panel de control de citas inmobiliarias 2026
A3: Indicadores | B3: Valor
A4: Total de citas | B4: =COUNTA('Agenda de citas'!$A$2:$A$101)
A5: Citas confirmadas | B5: =COUNTIF('Agenda de citas'!$F$2:$F$101,"Confirmada")
A6: Citas realizadas | B6: =COUNTIF('Agenda de citas'!$F$2:$F$101,"Realizada")
A7: Citas canceladas | B7: =COUNTIF('Agenda de citas'!$F$2:$F$101,"Cancelada")
A8: Tasa de confirmación | B8: =IF(B4=0,0,B5/B4)
A9: Presupuesto medio | B9: =IFERROR(AVERAGE('Agenda de citas'!$S$2:$S$101),0)
A10: Próxima cita | B10: =IF(COUNTA('Agenda de citas'!$B$2:$B$101)=0,"",MIN('Agenda de citas'!$B$2:$B$101))
A11: Presupuesto total | B11: =SUM('Agenda de citas'!$S$2:$S$101)
A14: Agente | B14: Número de citas | C14: Presupuesto medio | D14: Citas realizadas | I14: Fecha de cita | J14: Citas en la fecha
A15: Lucía Herrera | B15: =COUNTIF('Agenda de citas'!$Q$2:$Q$101,A15) | C15: =IFERROR(AVERAGEIF('Agenda de citas'!$Q$2:$Q$101,A15,'Agenda de citas'!$S$2:$S$101),0) | D15: =COUNTIFS('Agenda de citas'!$Q$2:$Q$101,A15,'Agenda de citas'!$F$2:$F$101,"Realizada") | I15: =IF('Agenda de citas'!$B$2="","",'Agenda de citas'!$B$2) | J15: =IF(I15="","",COUNTIF('Agenda de citas'!$B$2:$B$101,I15))
A16: Javier Moreno | B16: =COUNTIF('Agenda de citas'!$Q$2:$Q$101,A16) | C16: =IFERROR(AVERAGEIF('Agenda de citas'!$Q$2:$Q$101,A16,'Agenda de citas'!$S$2:$S$101),0) | D16: =COUNTIFS('Agenda de citas'!$Q$2:$Q$101,A16,'Agenda de citas'!$F$2:$F$101,"Realizada") | I16: =IF('Agenda de citas'!$B$3="","",'Agenda de citas'!$B$3) | J16: =IF(I16="","",COUNTIF('Agenda de citas'!$B$2:$B$101,I16))
A17: Sofía Vega | B17: =COUNTIF('Agenda de citas'!$Q$2:$Q$101,A17) | C17: =IFERROR(AVERAGEIF('Agenda de citas'!$Q$2:$Q$101,A17,'Agenda de citas'!$S$2:$S$101),0) | D17: =COUNTIFS('Agenda de citas'!$Q$2:$Q$101,A17,'Agenda de citas'!$F$2:$F$101,"Realizada") | I17: =IF('Agenda de citas'!$B$4="","",'Agenda de citas'!$B$4) | J17: =IF(I17="","",COUNTIF('Agenda de citas'!$B$2:$B$101,I17))
A18: Diego Ramos | B18: =COUNTIF('Agenda de citas'!$Q$2:$Q$101,A18) | C18: =IFERROR(AVERAGEIF('Agenda de citas'!$Q$2:$Q$101,A18,'Agenda de citas'!$S$2:$S$101),0) | D18: =COUNTIFS('Agenda de citas'!$Q$2:$Q$101,A18,'Agenda de citas'!$F$2:$F$101,"Realizada") | I18: =IF('Agenda de citas'!$B$5="","",'Agenda de citas'!$B$5) | J18: =IF(I18="","",COUNTIF('Agenda de citas'!$B$2:$B$101,I18))
I19: =IF('Agenda de citas'!$B$6="","",'Agenda de citas'!$B$6) | J19: =IF(I19="","",COUNTIF('Agenda de citas'!$B$2:$B$101,I19))
I20: =IF('Agenda de citas'!$B$7="","",'Agenda de citas'!$B$7) | J20: =IF(I20="","",COUNTIF('Agenda de citas'!$B$2:$B$101,I20))
A21: Tipo de cita | B21: Citas | C21: Porcentaje | E21: Estado | F21: Citas | G21: Porcentaje | I21: =IF('Agenda de citas'!$B$8="","",'Agenda de citas'!$B$8) | J21: =IF(I21="","",COUNTIF('Agenda de citas'!$B$2:$B$101,I21))
A22: Visita | B22: =COUNTIF('Agenda de citas'!$G$2:$G$101,A22) | C22: =IF($B$4=0,0,B22/$B$4) | E22: Programada | F22: =COUNTIF('Agenda de citas'!$F$2:$F$101,E22) | G22: =IF($B$4=0,0,F22/$B$4) | I22: =IF('Agenda de citas'!$B$9="","",'Agenda de citas'!$B$9) | J22: =IF(I22="","",COUNTIF('Agenda de citas'!$B$2:$B$101,I22))
A23: Valoración | B23: =COUNTIF('Agenda de citas'!$G$2:$G$101,A23) | C23: =IF($B$4=0,0,B23/$B$4) | E23: Confirmada | F23: =COUNTIF('Agenda de citas'!$F$2:$F$101,E23) | G23: =IF($B$4=0,0,F23/$B$4) | I23: =IF('Agenda de citas'!$B$10="","",'Agenda de citas'!$B$10) | J23: =IF(I23="","",COUNTIF('Agenda de citas'!$B$2:$B$101,I23))
A24: Firma | B24: =COUNTIF('Agenda de citas'!$G$2:$G$101,A24) | C24: =IF($B$4=0,0,B24/$B$4) | E24: Realizada | F24: =COUNTIF('Agenda de citas'!$F$2:$F$101,E24) | G24: =IF($B$4=0,0,F24/$B$4) | I24: =IF('Agenda de citas'!$B$11="","",'Agenda de citas'!$B$11) | J24: =IF(I24="","",COUNTIF('Agenda de citas'!$B$2:$B$101,I24))
A25: Reunión comprador | B25: =COUNTIF('Agenda de citas'!$G$2:$G$101,A25) | C25: =IF($B$4=0,0,B25/$B$4) | E25: Cancelada | F25: =COUNTIF('Agenda de citas'!$F$2:$F$101,E25) | G25: =IF($B$4=0,0,F25/$B$4) | I25: =IF('Agenda de citas'!$B$12="","",'Agenda de citas'!$B$12) | J25: =IF(I25="","",COUNTIF('Agenda de citas'!$B$2:$B$101,I25))
A26: Reunión vendedor | B26: =COUNTIF('Agenda de citas'!$G$2:$G$101,A26) | C26: =IF($B$4=0,0,B26/$B$4) | E26: No presentado | F26: =COUNTIF('Agenda de citas'!$F$2:$F$101,E26) | G26: =IF($B$4=0,0,F26/$B$4) | I26: =IF('Agenda de citas'!$B$13="","",'Agenda de citas'!$B$13) | J26: =IF(I26="","",COUNTIF('Agenda de citas'!$B$2:$B$101,I26))
A27: Videollamada | B27: =COUNTIF('Agenda de citas'!$G$2:$G$101,A27) | C27: =IF($B$4=0,0,B27/$B$4) | I27: =IF('Agenda de citas'!$B$14="","",'Agenda de citas'!$B$14) | J27: =IF(I27="","",COUNTIF('Agenda de citas'!$B$2:$B$101,I27))
I28: =IF('Agenda de citas'!$B$15="","",'Agenda de citas'!$B$15) | J28: =IF(I28="","",COUNTIF('Agenda de citas'!$B$2:$B$101,I28))
A29: Consulta rápida | B29: Valor | I29: =IF('Agenda de citas'!$B$16="","",'Agenda de citas'!$B$16) | J29: =IF(I29="","",COUNTIF('Agenda de citas'!$B$2:$B$101,I29))
A30: ID cita | B30: CIT-2026-001 | I30: =IF('Agenda de citas'!$B$17="","",'Agenda de citas'!$B$17) | J30: =IF(I30="","",COUNTIF('Agenda de citas'!$B$2:$B$101,I30))
A31: Cliente | B31: =IFERROR(VLOOKUP($B$30,'Agenda de citas'!$A$2:$K$101,8,0),"") | I31: =IF('Agenda de citas'!$B$18="","",'Agenda de citas'!$B$18) | J31: =IF(I31="","",COUNTIF('Agenda de citas'!$B$2:$B$101,I31))
A32: Email | B32: =IFERROR(VLOOKUP($B$30,'Agenda de citas'!$A$2:$K$101,11,0),"") | I32: =IF('Agenda de citas'!$B$19="","",'Agenda de citas'!$B$19) | J32: =IF(I32="","",COUNTIF('Agenda de citas'!$B$2:$B$101,I32))
I33: =IF('Agenda de citas'!$B$20="","",'Agenda de citas'!$B$20) | J33: =IF(I33="","",COUNTIF('Agenda de citas'!$B$2:$B$101,I33))
I34: =IF('Agenda de citas'!$B$21="","",'Agenda de citas'!$B$21) | J34: =IF(I34="","",COUNTIF('Agenda de citas'!$B$2:$B$101,I34))
I35: =IF('Agenda de citas'!$B$22="","",'Agenda de citas'!$B$22) | J35: =IF(I35="","",COUNTIF('Agenda de citas'!$B$2:$B$101,I35))
I36: =IF('Agenda de citas'!$B$23="","",'Agenda de citas'!$B$23) | J36: =IF(I36="","",COUNTIF('Agenda de citas'!$B$2:$B$101,I36))
I37: =IF('Agenda de citas'!$B$24="","",'Agenda de citas'!$B$24) | J37: =IF(I37="","",COUNTIF('Agenda de citas'!$B$2:$B$101,I37))
I38: =IF('Agenda de citas'!$B$25="","",'Agenda de citas'!$B$25) | J38: =IF(I38="","",COUNTIF('Agenda de citas'!$B$2:$B$101,I38))
I39: =IF('Agenda de citas'!$B$26="","",'Agenda de citas'!$B$26) | J39: =IF(I39="","",COUNTIF('Agenda de citas'!$B$2:$B$101,I39))
I40: =IF('Agenda de citas'!$B$27="","",'Agenda de citas'!$B$27) | J40: =IF(I40="","",COUNTIF('Agenda de citas'!$B$2:$B$101,I40))
I41: =IF('Agenda de citas'!$B$28="","",'Agenda de citas'!$B$28) | J41: =IF(I41="","",COUNTIF('Agenda de citas'!$B$2:$B$101,I41))
I42: =IF('Agenda de citas'!$B$29="","",'Agenda de citas'!$B$29) | J42: =IF(I42="","",COUNTIF('Agenda de citas'!$B$2:$B$101,I42))
I43: =IF('Agenda de citas'!$B$30="","",'Agenda de citas'!$B$30) | J43: =IF(I43="","",COUNTIF('Agenda de citas'!$B$2:$B$101,I43))
I44: =IF('Agenda de citas'!$B$31="","",'Agenda de citas'!$B$31) | J44: =IF(I44="","",COUNTIF('Agenda de citas'!$B$2:$B$101,I44))
I45: =IF('Agenda de citas'!$B$32="","",'Agenda de citas'!$B$32) | J45: =IF(I45="","",COUNTIF('Agenda de citas'!$B$2:$B$101,I45))
I46: =IF('Agenda de citas'!$B$33="","",'Agenda de citas'!$B$33) | J46: =IF(I46="","",COUNTIF('Agenda de citas'!$B$2:$B$101,I46))
I47: =IF('Agenda de citas'!$B$34="","",'Agenda de citas'!$B$34) | J47: =IF(I47="","",COUNTIF('Agenda de citas'!$B$2:$B$101,I47))
I48: =IF('Agenda de citas'!$B$35="","",'Agenda de citas'!$B$35) | J48: =IF(I48="","",COUNTIF('Agenda de citas'!$B$2:$B$101,I48))
I49: =IF('Agenda de citas'!$B$36="","",'Agenda de citas'!$B$36) | J49: =IF(I49="","",COUNTIF('Agenda de citas'!$B$2:$B$101,I49))
I50: =IF('Agenda de citas'!$B$37="","",'Agenda de citas'!$B$37) | J50: =IF(I50="","",COUNTIF('Agenda de citas'!$B$2:$B$101,I50))
I51: =IF('Agenda de citas'!$B$38="","",'Agenda de citas'!$B$38) | J51: =IF(I51="","",COUNTIF('Agenda de citas'!$B$2:$B$101,I51))
I52: =IF('Agenda de citas'!$B$39="","",'Agenda de citas'!$B$39) | J52: =IF(I52="","",COUNTIF('Agenda de citas'!$B$2:$B$101,I52))
I53: =IF('Agenda de citas'!$B$40="","",'Agenda de citas'!$B$40) | J53: =IF(I53="","",COUNTIF('Agenda de citas'!$B$2:$B$101,I53))
I54: =IF('Agenda de citas'!$B$41="","",'Agenda de citas'!$B$41) | J54: =IF(I54="","",COUNTIF('Agenda de citas'!$B$2:$B$101,I54))
I55: =IF('Agenda de citas'!$B$42="","",'Agenda de citas'!$B$42) | J55: =IF(I55="","",COUNTIF('Agenda de citas'!$B$2:$B$101,I55))
I56: =IF('Agenda de citas'!$B$43="","",'Agenda de citas'!$B$43) | J56: =IF(I56="","",COUNTIF('Agenda de citas'!$B$2:$B$101,I56))
I57: =IF('Agenda de citas'!$B$44="","",'Agenda de citas'!$B$44) | J57: =IF(I57="","",COUNTIF('Agenda de citas'!$B$2:$B$101,I57))
I58: =IF('Agenda de citas'!$B$45="","",'Agenda de citas'!$B$45) | J58: =IF(I58="","",COUNTIF('Agenda de citas'!$B$2:$B$101,I58))
I59: =IF('Agenda de citas'!$B$46="","",'Agenda de citas'!$B$46) | J59: =IF(I59="","",COUNTIF('Agenda de citas'!$B$2:$B$101,I59))
I60: =IF('Agenda de citas'!$B$47="","",'Agenda de citas'!$B$47) | J60: =IF(I60="","",COUNTIF('Agenda de citas'!$B$2:$B$101,I60))
I61: =IF('Agenda de citas'!$B$48="","",'Agenda de citas'!$B$48) | J61: =IF(I61="","",COUNTIF('Agenda de citas'!$B$2:$B$101,I61))
I62: =IF('Agenda de citas'!$B$49="","",'Agenda de citas'!$B$49) | J62: =IF(I62="","",COUNTIF('Agenda de citas'!$B$2:$B$101,I62))
I63: =IF('Agenda de citas'!$B$50="","",'Agenda de citas'!$B$50) | J63: =IF(I63="","",COUNTIF('Agenda de citas'!$B$2:$B$101,I63))
I64: =IF('Agenda de citas'!$B$51="","",'Agenda de citas'!$B$51) | J64: =IF(I64="","",COUNTIF('Agenda de citas'!$B$2:$B$101,I64))
I65: =IF('Agenda de citas'!$B$52="","",'Agenda de citas'!$B$52) | J65: =IF(I65="","",COUNTIF('Agenda de citas'!$B$2:$B$101,I65))
I66: =IF('Agenda de citas'!$B$53="","",'Agenda de citas'!$B$53) | J66: =IF(I66="","",COUNTIF('Agenda de citas'!$B$2:$B$101,I66))
I67: =IF('Agenda de citas'!$B$54="","",'Agenda de citas'!$B$54) | J67: =IF(I67="","",COUNTIF('Agenda de citas'!$B$2:$B$101,I67))
I68: =IF('Agenda de citas'!$B$55="","",'Agenda de citas'!$B$55) | J68: =IF(I68="","",COUNTIF('Agenda de citas'!$B$2:$B$101,I68))
I69: =IF('Agenda de citas'!$B$56="","",'Agenda de citas'!$B$56) | J69: =IF(I69="","",COUNTIF('Agenda de citas'!$B$2:$B$101,I69))
I70: =IF('Agenda de citas'!$B$57="","",'Agenda de citas'!$B$57) | J70: =IF(I70="","",COUNTIF('Agenda de citas'!$B$2:$B$101,I70))
I71: =IF('Agenda de citas'!$B$58="","",'Agenda de citas'!$B$58) | J71: =IF(I71="","",COUNTIF('Agenda de citas'!$B$2:$B$101,I71))
I72: =IF('Agenda de citas'!$B$59="","",'Agenda de citas'!$B$59) | J72: =IF(I72="","",COUNTIF('Agenda de citas'!$B$2:$B$101,I72))
I73: =IF('Agenda de citas'!$B$60="","",'Agenda de citas'!$B$60) | J73: =IF(I73="","",COUNTIF('Agenda de citas'!$B$2:$B$101,I73))
I74: =IF('Agenda de citas'!$B$61="","",'Agenda de citas'!$B$61) | J74: =IF(I74="","",COUNTIF('Agenda de citas'!$B$2:$B$101,I74))
I75: =IF('Agenda de citas'!$B$62="","",'Agenda de citas'!$B$62) | J75: =IF(I75="","",COUNTIF('Agenda de citas'!$B$2:$B$101,I75))
I76: =IF('Agenda de citas'!$B$63="","",'Agenda de citas'!$B$63) | J76: =IF(I76="","",COUNTIF('Agenda de citas'!$B$2:$B$101,I76))
I77: =IF('Agenda de citas'!$B$64="","",'Agenda de citas'!$B$64) | J77: =IF(I77="","",COUNTIF('Agenda de citas'!$B$2:$B$101,I77))
I78: =IF('Agenda de citas'!$B$65="","",'Agenda de citas'!$B$65) | J78: =IF(I78="","",COUNTIF('Agenda de citas'!$B$2:$B$101,I78))
I79: =IF('Agenda de citas'!$B$66="","",'Agenda de citas'!$B$66) | J79: =IF(I79="","",COUNTIF('Agenda de citas'!$B$2:$B$101,I79))
I80: =IF('Agenda de citas'!$B$67="","",'Agenda de citas'!$B$67) | J80: =IF(I80="","",COUNTIF('Agenda de citas'!$B$2:$B$101,I80))
I81: =IF('Agenda de citas'!$B$68="","",'Agenda de citas'!$B$68) | J81: =IF(I81="","",COUNTIF('Agenda de citas'!$B$2:$B$101,I81))
I82: =IF('Agenda de citas'!$B$69="","",'Agenda de citas'!$B$69) | J82: =IF(I82="","",COUNTIF('Agenda de citas'!$B$2:$B$101,I82))
I83: =IF('Agenda de citas'!$B$70="","",'Agenda de citas'!$B$70) | J83: =IF(I83="","",COUNTIF('Agenda de citas'!$B$2:$B$101,I83))
I84: =IF('Agenda de citas'!$B$71="","",'Agenda de citas'!$B$71) | J84: =IF(I84="","",COUNTIF('Agenda de citas'!$B$2:$B$101,I84))
I85: =IF('Agenda de citas'!$B$72="","",'Agenda de citas'!$B$72) | J85: =IF(I85="","",COUNTIF('Agenda de citas'!$B$2:$B$101,I85))
I86: =IF('Agenda de citas'!$B$73="","",'Agenda de citas'!$B$73) | J86: =IF(I86="","",COUNTIF('Agenda de citas'!$B$2:$B$101,I86))
I87: =IF('Agenda de citas'!$B$74="","",'Agenda de citas'!$B$74) | J87: =IF(I87="","",COUNTIF('Agenda de citas'!$B$2:$B$101,I87))
I88: =IF('Agenda de citas'!$B$75="","",'Agenda de citas'!$B$75) | J88: =IF(I88="","",COUNTIF('Agenda de citas'!$B$2:$B$101,I88))
I89: =IF('Agenda de citas'!$B$76="","",'Agenda de citas'!$B$76) | J89: =IF(I89="","",COUNTIF('Agenda de citas'!$B$2:$B$101,I89))
I90: =IF('Agenda de citas'!$B$77="","",'Agenda de citas'!$B$77) | J90: =IF(I90="","",COUNTIF('Agenda de citas'!$B$2:$B$101,I90))
I91: =IF('Agenda de citas'!$B$78="","",'Agenda de citas'!$B$78) | J91: =IF(I91="","",COUNTIF('Agenda de citas'!$B$2:$B$101,I91))
I92: =IF('Agenda de citas'!$B$79="","",'Agenda de citas'!$B$79) | J92: =IF(I92="","",COUNTIF('Agenda de citas'!$B$2:$B$101,I92))
I93: =IF('Agenda de citas'!$B$80="","",'Agenda de citas'!$B$80) | J93: =IF(I93="","",COUNTIF('Agenda de citas'!$B$2:$B$101,I93))
I94: =IF('Agenda de citas'!$B$81="","",'Agenda de citas'!$B$81) | J94: =IF(I94="","",COUNTIF('Agenda de citas'!$B$2:$B$101,I94))
I95: =IF('Agenda de citas'!$B$82="","",'Agenda de citas'!$B$82) | J95: =IF(I95="","",COUNTIF('Agenda de citas'!$B$2:$B$101,I95))
I96: =IF('Agenda de citas'!$B$83="","",'Agenda de citas'!$B$83) | J96: =IF(I96="","",COUNTIF('Agenda de citas'!$B$2:$B$101,I96))
I97: =IF('Agenda de citas'!$B$84="","",'Agenda de citas'!$B$84) | J97: =IF(I97="","",COUNTIF('Agenda de citas'!$B$2:$B$101,I97))
I98: =IF('Agenda de citas'!$B$85="","",'Agenda de citas'!$B$85) | J98: =IF(I98="","",COUNTIF('Agenda de citas'!$B$2:$B$101,I98))
I99: =IF('Agenda de citas'!$B$86="","",'Agenda de citas'!$B$86) | J99: =IF(I99="","",COUNTIF('Agenda de citas'!$B$2:$B$101,I99))
I100: =IF('Agenda de citas'!$B$87="","",'Agenda de citas'!$B$87) | J100: =IF(I100="","",COUNTIF('Agenda de citas'!$B$2:$B$101,I100))
I101: =IF('Agenda de citas'!$B$88="","",'Agenda de citas'!$B$88) | J101: =IF(I101="","",COUNTIF('Agenda de citas'!$B$2:$B$101,I101))
I102: =IF('Agenda de citas'!$B$89="","",'Agenda de citas'!$B$89) | J102: =IF(I102="","",COUNTIF('Agenda de citas'!$B$2:$B$101,I102))
I103: =IF('Agenda de citas'!$B$90="","",'Agenda de citas'!$B$90) | J103: =IF(I103="","",COUNTIF('Agenda de citas'!$B$2:$B$101,I103))
...

Sheet Instrucciones
A1: Guía de uso de la agenda de citas inmobiliarias
A3: Apartado | B3: Indicaciones
A4: Añadir una nueva cita | B4: Introduzca los datos en la primera fila libre de la hoja Agenda de citas. Complete fecha, hora, cliente, interés, inmueble y agente responsable. Las columnas de duración, días hasta la cita y alerta se calculan automáticamente.
A5: Estados permitidos | B5: Programada, Confirmada, Realizada, Cancelada y No presentado. Actualice el estado después de cada contacto comercial para mantener el seguimiento al día.
A6: Tipos de cita permitidos | B6: Visita, Valoración, Firma, Reunión comprador, Reunión vendedor y Videollamada. Seleccione el tipo que mejor describa la interacción comercial.
A7: Uso de filtros | B7: Utilice los filtros de la cabecera para localizar citas por fecha, agente responsable, estado, municipio, interés u origen del contacto.
A8: Confirmación de visitas | B8: Se recomienda confirmar las visitas con antelación y registrar en Próxima acción la llamada, mensaje o documentación pendiente.
A9: Seguimiento posterior | B9: Tras la visita, anote las observaciones del cliente, el nivel de interés y la siguiente acción comercial. Marque la cita como Realizada cuando finalice.
A10: Documentación inmobiliaria | B10: Cuando proceda, revise nota simple, certificado energético, cédula de habitabilidad, referencia catastral y la documentación de compraventa o alquiler.
A11: Operaciones de alquiler | B11: Para alquileres, considere la fianza de una mensualidad y el depósito que corresponda en el organismo autonómico competente.
A12: Operaciones de compraventa | B12: En vivienda usada, revise el ITP aplicable. En obra nueva, revise IVA y AJD conforme a la situación concreta de la operación.
